 Dungeon Crawl Stone Soup version 0.28-a0-317-g21599a725c (webtiles) character file.

Game seed: 13884654939178300624

1176 Laan the Chopper (level 8, -6/62 HPs)
             Began as a Formicid Fighter on Sept 1, 2021.
             Succumbed to a water moccasin's poison
             ... on level 6 of the Dungeon.
             The game lasted 00:07:16 (5902 turns).

Laan the Chopper (Formicid Fighter)                 Turns: 5902, Time: 00:07:17

Health: -6/62      AC:  7    Str: 22    XL:     8   Next: 69%
Magic:  17/17      EV:  6    Int:  9    God:
Gold:   105        SH: 13    Dex: 10    Spells: 7/7 levels left

rFire   . . .      SeeInvis +   a - +0 war axe
rCold   . . .      Faith    .   k - +0 tower shield
rNeg    . . .      Spirit   .   b - +0 scale mail
rPois   .          Reflect  .   (helmet unavailable)
rElec   .          Harm     .   (no cloak)
rCorr   .          Rampage  .   (no gloves)
Will    .....                   (no boots)
Stlth   ..........              (no amulet)
HPRegen 0.20/turn               h - ring of magical power
MPRegen 0.15/turn               (no ring)

@: lethally poisoned (-6 -> -53)
A: permanent stasis, dig shafts and tunnels, antennae 3, four strong arms
a: Dig, Shaft Self


You were on level 6 of the Dungeon.
You visited 1 branch of the dungeon, and saw 6 of its levels.

You collected 209 gold pieces.
You spent 104 gold pieces at shops.

Inventory:

Hand Weapons
 a - a +0 war axe (weapon)
Armour
 b - a +0 scale mail (worn)
 k - a +0 tower shield (worn)
Jewellery
 h - a ring of magical power (left hand)
Wands
 l - a wand of mindburst (7)
Scrolls
 e - 4 scrolls of identify {unknown}
 g - 6 scrolls of teleportation {unknown}
 m - a scroll of acquirement {unknown}
 o - a scroll of amnesia {unknown}
Potions
 c - a potion of ambrosia {unknown}
 d - 3 potions of might
 f - a potion of flight {unknown}
 j - a potion of attraction {unknown}
 n - 2 potions of magic {unknown}
 p - a potion of mutation {unknown}


   Skills:
 + Level 5.1 Fighting
 * Level 7.7 Axes
 + Level 5.1 Armour
 + Level 5.6 Shields


You had 7 spell levels left.
You didn't know any spells.
Your spell library contained the following spells:

 Spells                   Type           Power      Damage    Failure   Level
 Pain                     Necr           0%         1d4       100%        1
 Gell's Gravitas          Tloc           0%         N/A       100%        3
 Lesser Beckoning         Tloc           0%         N/A       100%        3
 Teleport Other           Tloc           0%         N/A       100%        3


Dungeon Overview and Level Annotations

Branches:
Dungeon (6/15)
 Temple: D:4-7

Altars:
Kikubaaqudgha
Sif Muna
Vehumet

Shops:
D:3 =   D:4 ?   D:5 !


Innate Abilities, Weirdness & Mutations

You cannot be hasted, slowed, berserked, paralysed or teleported.
You can dig through walls and to a lower floor.
You have a pair of large antennae on your head. (SInv)
Your four strong arms can wield two-handed weapons with a shield.


Message History

You miss the water moccasin.
The water moccasin is moderately wounded.
You hit the water moccasin but do no damage.
You feel very sick.
You block the water moccasin's attack. x2; The water moccasin bites you.
You are lethally poisoned!
The water moccasin poisons you! The water moccasin barely misses you.
You hit the water moccasin.
The water moccasin is moderately wounded.
You hit the water moccasin.
* * * LOW HITPOINT WARNING * * *
You feel extremely sick. The water moccasin bites you!
* * * LOW HITPOINT WARNING * * *
You block the water moccasin's attack. x2; The water moccasin bites you.
* * * LOW HITPOINT WARNING * * *
You feel better.
You block the water moccasin's attack. x2
You feel better. You block the water moccasin's attack.
The water moccasin bites you.
You are poisoned.
The water moccasin poisons you!
The water moccasin bites you but does no damage.
You slash the water moccasin!
The water moccasin is almost dead.
You hit the water moccasin.
* * * LOW HITPOINT WARNING * * *
You feel very sick. The water moccasin bites you.
* * * LOW HITPOINT WARNING * * *
The water moccasin bites you.
* * * LOW HITPOINT WARNING * * *
You are more poisoned.
The water moccasin poisons you! The water moccasin bites you.
* * * LOW HITPOINT WARNING * * *
You are more poisoned.
The water moccasin poisons you! You block the water moccasin's attack.
You barely miss the water moccasin.
The water moccasin is almost dead.
You closely miss the water moccasin.
You die...

..#...........#..#
#...............## .
.####......<.#........
.. ............###.###..
... #.......### #.###.#
....#.........####...###
.................#....#
......S.....#.#.......#
......S@..#.#.#..##...#
.$...#.####......###..#
#.. ## ####..## #.## #
#### ###


You could see 2 water moccasins.

Vanquished Creatures
  Grinder (D:6)
  An ice beast (D:5)
  A black bear (D:6)
  A necrophage (D:5)
  A scorpion (D:5)
  2 jellies (D:5)
  3 bullfrog skeletons
  3 hounds (D:5)
  A bullfrog zombie (D:5)
  An orc priest (D:4)
  4 iguanas
  A centaur skeleton (D:4)
  A killer bee zombie (D:5)
  A hound skeleton (D:4)
  6 adders
  A shadow imp (D:5)
  An ufetubus (D:4)
  An adder skeleton (D:4)
  A worm (D:3)
  2 dart slugs
  20 orcs
  7 endoplasms
  7 giant cockroaches
  9 goblins
  7 hobgoblins
  4 kobolds
  6 quokkas
  7 ball pythons
  2 bats (D:3)
  2 frilled lizards
  8 rats
113 creatures vanquished.

Vanquished Creatures (others)
  3 plants (D:4)
3 creatures vanquished.

Grand Total: 116 creatures vanquished

Notes
Turn   | Place    | Note
-------+----------+-------------------------------------------
     0 | D:1      | Laan the Formicid Fighter began the quest for the Orb.
     0 | D:1      | Reached XP level 1. HP: 18/18 MP: 1/1
   179 | D:1      | Reached XP level 2. HP: 24/24 MP: 2/2
   228 | D:1      | Reached skill level 3 in Axes
   506 | D:1      | Reached XP level 3. HP: 29/29 MP: 3/3
  1116 | D:2      | Reached skill level 4 in Axes
  1116 | D:2      | Reached XP level 4. HP: 35/35 MP: 4/4
  1520 | D:2      | Found a faded altar of an unknown god.
  1563 | D:3      | Found Facri's Jewellery Emporium.
  2329 | D:4      | Reached skill level 5 in Axes
  2329 | D:4      | Reached XP level 5. HP: 9/41 MP: 5/5
  2765 | D:5      | Entered Level 5 of the Dungeon
  3034 | D:5      | Reached XP level 6. HP: 43/47 MP: 6/6
  3281 | D:4      | Reached skill level 6 in Axes
  3413 | D:4      | Found Pojucw's Magic Scroll Boutique.
  3416 | D:4      | Bought a scroll of noise for 14 gold pieces
  3943 | D:5      | Reached XP level 7. HP: 21/53 MP: 7/7
  4248 | D:5      | Found Feiriov's Distillery.
  4307 | D:5      | Bought a potion of heal wounds for 50 gold pieces
  4307 | D:5      | Bought a potion of curing for 30 gold pieces
  4307 | D:5      | Bought a potion of degeneration for 10 gold pieces
  5183 | D:5      | Reached skill level 7 in Axes
  5183 | D:5      | Reached XP level 8. HP: 4/61 MP: 8/8
  5472 | D:6      | Reached skill level 5 in Shields
  5716 | D:6      | Noticed Grinder
  5717 | D:6      | Found a radiant altar of Vehumet.
  5729 | D:6      | HP: 2/61 [Grinder/nerve-wracking pain (8)]
  5739 | D:6      | Killed Grinder
  5740 | D:6      | Reached skill level 5 in Fighting
  5740 | D:6      | Reached skill level 5 in Armour
  5834 | D:6      | Found an ancient bone altar of Kikubaaqudgha.
  5836 | D:6      | Found a shimmering blue altar of Sif Muna.
  5841 | D:6      | Got Kikubaaqudgha's Handbook of Sinister Secrets
  5898 | D:6      | HP: 1/62 [water moccasin (3)]
  5902 | D:6      | Succumbed to a water moccasin's poison

Illustrated notes

Levels and vault maps discovered:
D:1:      lightli_arrival_farm, layout_basic
D:2:      kb_forest_paths, layout_basic, ebering_ecumenical_altar_ruins
D:3:      layout_loops_ring, serial_shops, nicolae_shop_statue_plus
D:4:      layout_cave_pools, serial_forest, infiniplex_forest_clump_large,
          infiniplex_forest_corner_2, infiniplex_forest_lined_room_2,
          infiniplex_forest_lined_room_3, infiniplex_forest_lined_corner,
          infiniplex_forest_clump_small, infiniplex_forest_corner_2,
          serial_shops, kennysheep_mini_moat, enter_ossuary_1
D:5:      layout_basic, serial_shops, shop, chequers_serial_rivers_marsh
D:6:      layout_cave_pools, grunt_temple_overflow_magic_moments, uniq_grinder

Skill      XL: |  1  2  3  4  5  6  7  8 |
---------------+-------------------------+-----
Axes           | 3 4 5 6 7 |  7.7
Shields        | 4 5 |  5.6
Fighting       | 4 5 |  5.1
Armour         | 4 5 |  5.1

Action                   |  1- 3 |  4- 6 |  7- 9 || total
-------------------------+-------+-------+-------++-------
Melee: War axe           |    51 |   201 |   123 ||   375
  Use: Potion            |       |       |     5 ||     5
Armor: Scale mail        |    16 |    72 |    64 ||   152
Dodge: Dodged            |    19 |    43 |    40 ||   102
Block: Kite shield       |    19 |       |       ||    19
       Tower shield      |       |   176 |   111 ||   287

Table legend: (Time is in decaauts)
 A = Elapsed time spent in this place.
 B = Non-inter-level travel time spent in this place.
 C = Inter-level travel time spent in this place.
 D = Time resting spent in this place.
 E = Time spent auto-exploring this place.
 F = Levels seen in this place.
 G = Mean time per level.
                   A        B        C        D        E       F      G
               +--------+--------+--------+--------+--------+-----+--------+
         Total |   6146 |   6054 |     92 |   1941 |   3070 |   6 | 1024.3 |
       Dungeon |   6146 |   6054 |     92 |   1941 |   3070 |   6 | 1024.3 |
               +--------+--------+--------+--------+--------+-----+--------+

Top non-repeatable levels by time:
     D:5: 2200 daAuts
     D:4: 1035 daAuts
     D:3: 972 daAuts
     D:2: 848 daAuts
     D:1: 766 daAuts
     D:6: 323 daAuts
